AA
FARGO-MOORHEAD REDHAWKS @ WINNIPEG GOLDEYES
07/02/2072
 
TOP OF THE 1ST
Chicago Dogs batting - Pitching for Texas AirHogs : RHP Chris Nowlin
Pitching: RHP Chris Nowlin
Batting: LHB Sebastien Brantley 0-0: Foul Ball, location: 2F
0-1: Ball
1-1: Foul Ball, location: 2F
1-2: Ground out U3 (Groundball, 3, EV 86.2 MPH)
Batting: RHB Oscar Leon 0-0: Called Strike
0-1: Ball
1-1: Foul Ball, location: 2F
1-2: SINGLE (Line Drive, 6MD, EV 97.5 MPH)
Batting: SHB Nate Gibson 0-0: Ball
1-0: Called Strike
1-1: Ball
2-1: Ball
3-1: Base on Balls
Oscar Leon to second
Batting: RHB Ruben Martinez 0-0: DOUBLE (Line Drive, 9LS, EV 103.8 MPH)
Oscar Leon scores
Nate Gibson to third
Runner from 3rd tries for Home, SAFE, throw by RF to home
Batting: LHB Brian Boettcher 0-0: Called Strike
0-1: Swinging Strike
0-2: Ball
1-2: Fly out, F7 (Flyball, 78S, EV 85.6 MPH)
Batting: RHB Tim Skrzypek 0-0: Foul Ball, location: 2F
0-1: Foul Ball, location: 2F
0-2: Ball
1-2: Ground out U3 (Groundball, 34, EV 83.8 MPH)
Top of the 1st over - 2 runs, 2 hits, 0 errors, 1 left on base; Chicago 2 - Texas 0
BOTTOM OF THE 1ST
Texas AirHogs batting - Pitching for Chicago Dogs : RHP Austin Shea
Pitching: RHP Austin Shea
Batting: RHB Alberto Figueroa 0-0: Ball
1-0: Ball
2-0: Called Strike
2-1: Ball
3-1: Swinging Strike
3-2: SINGLE (Line Drive, 7S, EV 97.5 MPH)
Batting: LHB Adam Schmidt 0-0: Ball
Alberto Figueroa is caught stealing 2nd base 2-6
1-0: Fly out, F4 (Popup, 34S, EV 86.2 MPH)
Batting: RHB Adrian Gutierrez 0-0: DOUBLE (Flyball, 78XD, EV 91.2 MPH)
Batting: LHB Ron Clark 0-0: Foul Ball, location: 2F
0-1: Ball
1-1: Called Strike
1-2: Foul Ball, location: 2F
1-2: Ground out 6-3 (Groundball, 6, EV 93.8 MPH)
Bottom of the 1st over - 0 runs, 2 hits, 0 errors, 1 left on base; Chicago 2 - Texas 0
TOP OF THE 2ND
Chicago Dogs batting - Pitching for Texas AirHogs : RHP Chris Nowlin
Batting: SHB Jose Lopez 0-0: Called Strike
0-1: Swinging Strike
0-2: Strikes out looking
Batting: RHB Neil Burch 0-0: Ball
1-0: Ball
2-0: Ball
3-0: Called Strike
3-1: Called Strike
3-2: Base on Balls
Batting: RHB John Bayless 0-0: Ball
1-0: Ball
2-0: Ball
Wild Pitch!
Neil Burch to second
3-0: Called Strike
3-1: Base on Balls
Batting: LHB Sebastien Brantley 0-0: Foul Ball, location: 2F
0-1: Ball
1-1: Ball
2-1: Ball
3-1: Swinging Strike
3-2: Foul Ball, location: 2F
3-2: Base on Balls
Neil Burch to third
John Bayless to second
Batting: RHB Oscar Leon 0-0: Called Strike
0-1: Ball
1-1: Ball
2-1: Foul Ball, location: 2F
2-2: Ball
3-2: Foul Ball, location: 2F
3-2: Foul Ball, location: 2F
3-2: Foul Ball, location: 2F
3-2: Strikes out swinging
Batting: SHB Nate Gibson 0-0: Ball
1-0: Ground out 4-3 (Groundball, 4S, EV 80.0 MPH)
Top of the 2nd over - 0 runs, 0 hits, 0 errors, 3 left on base; Chicago 2 - Texas 0
BOTTOM OF THE 2ND
Texas AirHogs batting - Pitching for Chicago Dogs : RHP Austin Shea
Batting: RHB Tommy Thoman 0-0: Ball
1-0: Ball
2-0: Ball
3-0: Called Strike
3-1: Base on Balls
Batting: RHB Frank Vazquez 0-0: Ball
1-0: Swinging Strike
1-1: Called Strike
1-2: Foul Ball, location: 2F
1-2: Fielders Choice at 2nd, 5-4 (Groundball, 56S, EV 87.5 MPH)
Batting: RHB Mike Johnson 0-0: Called Strike
Frank Vazquez steals 2nd base
0-1: Ball
1-1: Foul Ball, location: 2F
1-2: Ground out 5-3 (Groundball, 56, EV 96.9 MPH)
Batting: RHB Stephen Ayliffe 0-0: Ball
1-0: Called Strike
1-1: Called Strike
1-2: Ball
2-2: Ball
3-2: Ground out 5-3 (Groundball, 56, EV 84.4 MPH)
Bottom of the 2nd over - 0 runs, 0 hits, 0 errors, 1 left on base; Chicago 2 - Texas 0
TOP OF THE 3RD
Chicago Dogs batting - Pitching for Texas AirHogs : RHP Chris Nowlin
Batting: RHB Ruben Martinez 0-0: Called Strike
0-1: SINGLE (Flyball, 5D, EV 93.8 MPH)
Batting: LHB Brian Boettcher 0-0: Ball
1-0: Ball
2-0: SINGLE (Groundball, 4M, EV 103.1 MPH) (infield hit)
Ruben Martinez to second
Batting: RHB Tim Skrzypek 0-0: Ball
1-0: Fly out, F9 (Line Drive, 9, EV 101.2 MPH)
Batting: SHB Jose Lopez 0-0: Swinging Strike
0-1: Ball
1-1: Grounds into double play, 4-6-3 (Groundball, 4, EV 87.5 MPH)
Top of the 3rd over - 0 runs, 2 hits, 0 errors, 1 left on base; Chicago 2 - Texas 0
BOTTOM OF THE 3RD
Texas AirHogs batting - Pitching for Chicago Dogs : RHP Austin Shea
Batting: RHB Abe Sizemore 0-0: Ground out 5-3 (Groundball, 56S, EV 87.5 MPH)
Batting: RHB Alberto Figueroa 0-0: Swinging Strike
0-1: SINGLE (Line Drive, 8RS, EV 106.2 MPH)
Batting: LHB Adam Schmidt 0-0: Ball
1-0: Called Strike
1-1: Swinging Strike
1-2: Ball
2-2: Strikes out looking
Batting: RHB Adrian Gutierrez 0-0: Ball
1-0: Fielders Choice at 2nd, 5-4 (Groundball, 56, EV 85.6 MPH)
Bottom of the 3rd over - 0 runs, 1 hit, 0 errors, 1 left on base; Chicago 2 - Texas 0
TOP OF THE 4TH
Chicago Dogs batting - Pitching for Texas AirHogs : RHP Chris Nowlin
Batting: RHB Neil Burch 0-0: Fly out, F7 (Flyball, 7LS, EV 88.1 MPH)
Batting: RHB John Bayless 0-0: Called Strike
0-1: Called Strike
0-2: Foul Ball, location: 2F
0-2: Ball
1-2: Ball
2-2: Fly out, F9 (Line Drive, 9, EV 86.9 MPH)
Batting: LHB Sebastien Brantley 0-0: Ball
1-0: Ball
2-0: Ball
3-0: Called Strike
3-1: Base on Balls
Batting: RHB Oscar Leon 0-0: Ball
1-0: Called Strike
1-1: Called Strike
1-2: Ball
2-2: Foul Ball, location: 2F
Pickoff Throw to First - Error! E1
Sebastien Brantley to second
2-2: Foul Ball, location: 2F
2-2: Foul Ball, location: 2F
2-2: Ball
3-2: Base on Balls
Batting: SHB Nate Gibson 0-0: Fly out, F3 (Popup, 34, EV 66.9 MPH)
Top of the 4th over - 0 runs, 0 hits, 1 error, 2 left on base; Chicago 2 - Texas 0
BOTTOM OF THE 4TH
Texas AirHogs batting - Pitching for Chicago Dogs : RHP Austin Shea
Batting: LHB Ron Clark 0-0: Ball
1-0: Called Strike
1-1: Reached on error, E1 (Groundball, 15S, EV 73.1 MPH)
Batting: RHB Tommy Thoman 0-0: Foul Ball, location: 2F
0-1: Foul Ball, location: 2F
0-2: Foul Ball, location: 2F
0-2: Strikes out swinging
Batting: RHB Frank Vazquez 0-0: SINGLE (Line Drive, 9LS, EV 88.1 MPH)
Ron Clark to third
Batting: RHB Mike Johnson 0-0: Ball
1-0: Ball
2-0: Foul Ball, location: 2F
2-1: Called Strike
2-2: Strikes out looking
Batting: RHB Stephen Ayliffe 0-0: Ball
1-0: Swinging Strike
1-1: Called Strike
1-2: Ball
2-2: Ball
3-2: Foul Ball, location: 2F
3-2: Base on Balls
Frank Vazquez to second
Batting: RHB Abe Sizemore 0-0: Ball
1-0: Foul Ball, location: 2F
1-1: Foul Ball, location: 2F
1-2: Strikes out looking
Bottom of the 4th over - 0 runs, 1 hit, 1 error, 3 left on base; Chicago 2 - Texas 0
TOP OF THE 5TH
Chicago Dogs batting - Pitching for Texas AirHogs : RHP Chris Nowlin
Batting: RHB Ruben Martinez 0-0: SINGLE (Groundball, 56D, EV 95.0 MPH)
Batting: LHB Brian Boettcher 0-0: Ball
1-0: Ball
2-0: Ball
3-0: Called Strike
3-1: Fly out, F7 (Flyball, 7D, EV 100.0 MPH)
Batting: RHB Tim Skrzypek 0-0: Fly out, F7 (Flyball, 7LM, EV 76.9 MPH)
Batting: SHB Jose Lopez 0-0: 2-RUN HOME RUN (Line Drive, 78XD, EV 111.9 MPH), Distance : 402 ft
Batting: RHB Neil Burch 0-0: Ball
1-0: Called Strike
1-1: Called Strike
1-2: Foul Ball, location: 2F
1-2: Ball
2-2: Ball
3-2: Fly out, F7 (Flyball, 7D, EV 103.1 MPH)
Top of the 5th over - 2 runs, 2 hits, 0 errors, 0 left on base; Chicago 4 - Texas 0
BOTTOM OF THE 5TH
Texas AirHogs batting - Pitching for Chicago Dogs : RHP Austin Shea
Batting: RHB Alberto Figueroa 0-0: Ball
1-0: SINGLE (Groundball, 56, EV 108.1 MPH)
Batting: LHB Adam Schmidt 0-0: Ball
1-0: Called Strike
1-1: Ball
2-1: Swinging Strike
2-2: Fielders Choice at 2nd, 6-4 (Groundball, 6, EV 93.8 MPH)
Batting: RHB Adrian Gutierrez 0-0: Ball
1-0: Foul Ball, location: 2F
1-1: Ball
2-1: Ball
3-1: 2-RUN HOME RUN (Flyball, 7D, EV 90.0 MPH), Distance : 406 ft
Batting: LHB Ron Clark 0-0: Called Strike
0-1: Ball
1-1: Ball
2-1: Ball
3-1: Swinging Strike
3-2: Foul Ball, location: 2F
3-2: SOLO HOME RUN (Flyball, 9D, EV 96.2 MPH), Distance : 381 ft
Batting: RHB Tommy Thoman 0-0: Called Strike
0-1: Foul Ball, location: 2F
0-2: Fly out, F8 (Flyball, 89XD, EV 86.2 MPH)
Batting: RHB Frank Vazquez 0-0: Ball
1-0: Ball
2-0: Ball
3-0: Base on Balls
Batting: RHB Mike Johnson 0-0: Ball
1-0: Called Strike
1-1: Ball
2-1: Called Strike
2-2: Ball
3-2: Strikes out swinging
Bottom of the 5th over - 3 runs, 3 hits, 0 errors, 1 left on base; Chicago 4 - Texas 3
TOP OF THE 6TH
Chicago Dogs batting - Pitching for Texas AirHogs : RHP Chris Nowlin
Pitching: RHP Walt Lindsay
Batting: RHB John Bayless 0-0: Fly out, F8 (Line Drive, 8LD, EV 84.4 MPH)
Batting: LHB Sebastien Brantley 0-0: Ball
1-0: Called Strike
1-1: Swinging Strike
1-2: Ball
2-2: Fly out, F7 (Flyball, 7D, EV 85.6 MPH)
Batting: RHB Oscar Leon 0-0: Ball
1-0: Swinging Strike
1-1: Swinging Strike
1-2: Foul Ball, location: 2F
1-2: Ground out 6-3 (Groundball, 6, EV 86.2 MPH)
Top of the 6th over - 0 runs, 0 hits, 0 errors, 0 left on base; Chicago 4 - Texas 3
BOTTOM OF THE 6TH
Texas AirHogs batting - Pitching for Chicago Dogs : RHP Austin Shea
Pitching: LHP Alan Jones
Batting: RHB Stephen Ayliffe 0-0: Foul Ball, location: 2F
0-1: Hit by Pitch
Pinch Runner at 1st Bobby Gutierrez:
Batting: RHB Abe Sizemore 0-0: Ball
1-0: Fly out, F2 (Popup, 2RF, EV 91.9 MPH)
Batting: RHB Alberto Figueroa 0-0: Called Strike
Bobby Gutierrez steals 2nd, throwing error, E2
Bobby Gutierrez to third
0-1: Ball
1-1: Called Strike
1-2: Ball
2-2: Ball
3-2: Base on Balls
Batting: LHB Adam Schmidt 0-0: Ball
1-0: Swinging Strike
1-1: Ball
2-1: Ball
3-1: Fly out, F7 (Flyball, 7D, EV 103.1 MPH)
Runner from 3rd tags up, SCORES, throw by LF
Batting: RHB Adrian Gutierrez 0-0: Ball
1-0: Ball
2-0: Called Strike
2-1: Foul Ball, location: 2F
2-2: Hit by Pitch
Alberto Figueroa to second
Batting: LHB Ron Clark 0-0: Ball
1-0: Ball
2-0: Ball
3-0: Base on Balls
Alberto Figueroa to third
Adrian Gutierrez to second
Batting: RHB Tommy Thoman 0-0: Foul Ball, location: 2F
0-1: Foul Ball, location: 2F
0-2: Ball
1-2: Foul Ball, location: 2F
1-2: Ball
2-2: Ball
3-2: Base on Balls
Alberto Figueroa scores
Adrian Gutierrez to third
Ron Clark to second
Batting: RHB Frank Vazquez 0-0: Ball
1-0: Ball
2-0: Swinging Strike
2-1: Ball
3-1: Reached via error on a dropped throw from 1B, E1 (Groundball, 34, EV 103.8 MPH)
Adrian Gutierrez scores
Ron Clark to third
Tommy Thoman to second
Batting: RHB Mike Johnson 0-0: Ball
1-0: Foul Ball, location: 2F
1-1: Foul Ball, location: 2F
1-2: Fielders Choice at 2nd, 6-4 (Groundball, 6, EV 87.5 MPH)
Bottom of the 6th over - 3 runs, 0 hits, 2 errors, 3 left on base; Chicago 4 - Texas 6
TOP OF THE 7TH
Chicago Dogs batting - Pitching for Texas AirHogs : RHP Walt Lindsay
Now at C: Ryan Powell
Batting: SHB Nate Gibson 0-0: Ball
1-0: Called Strike
1-1: Called Strike
1-2: Fly out, F7 (Flyball, 78D, EV 105.0 MPH)
Batting: RHB Ruben Martinez 0-0: Ball
1-0: Foul Ball, location: 2F
1-1: Ball
2-1: Swinging Strike
2-2: Strikes out swinging
Batting: LHB Brian Boettcher 0-0: Ground out 4-3 (Groundball, 4M, EV 86.9 MPH)
Top of the 7th over - 0 runs, 0 hits, 0 errors, 0 left on base; Chicago 4 - Texas 6
BOTTOM OF THE 7TH
Texas AirHogs batting - Pitching for Chicago Dogs : LHP Alan Jones
Batting: RHB Ryan Powell 0-0: Called Strike
0-1: Ball
1-1: Ground out U3 (Groundball, 34S, EV 71.9 MPH)
Batting: RHB Abe Sizemore 0-0: Ball
1-0: Swinging Strike
1-1: Swinging Strike
1-2: Ball
2-2: Foul Ball, location: 2F
2-2: Ball
3-2: Foul Ball, location: 2F
3-2: Base on Balls
Pitching: RHP Gil Encarnacion
Batting: RHB Alberto Figueroa 0-0: Foul Ball, location: 2F
0-1: Foul Ball, location: 2F
0-2: SINGLE (Groundball, 56D, EV 110.0 MPH)
Abe Sizemore to second
Abe Sizemore to third
Batting: LHB Adam Schmidt 0-0: Ball
1-0: Swinging Strike
1-1: Foul Ball, location: 2F
1-2: SINGLE (Groundball, 3, EV 94.4 MPH)
Abe Sizemore scores
Alberto Figueroa to second
Alberto Figueroa to third
Batting: RHB Adrian Gutierrez 0-0: Ball
1-0: Foul Ball, location: 2F
1-1: Ball
2-1: Foul Ball, location: 2F
2-2: Ball
3-2: Base on Balls
Adam Schmidt to second
Batting: LHB Ron Clark 0-0: Ball
1-0: Ball
2-0: Swinging Strike
2-1: Foul Ball, location: 2F
2-2: Ball
3-2: Base on Balls
Alberto Figueroa scores
Adam Schmidt to third
Adrian Gutierrez to second
Batting: RHB Tommy Thoman 0-0: Grounds into double play, 5-4-3 (Groundball, 56, EV 108.8 MPH)
Bottom of the 7th over - 2 runs, 2 hits, 0 errors, 2 left on base; Chicago 4 - Texas 8
TOP OF THE 8TH
Chicago Dogs batting - Pitching for Texas AirHogs : RHP Walt Lindsay
Batting: RHB Tim Skrzypek 0-0: Called Strike
0-1: Ball
1-1: Ball
2-1: Swinging Strike
2-2: Strikes out swinging, 2-3 out at first.
Batting: SHB Jose Lopez 0-0: Called Strike
0-1: Ball
1-1: Ball
2-1: Swinging Strike
2-2: Ball
3-2: Fly out, F7 (Flyball, 7S, EV 89.4 MPH)
Batting: RHB Neil Burch 0-0: Ball
1-0: Called Strike
1-1: Ground out 6-3 (Groundball, 6M, EV 101.2 MPH)
Top of the 8th over - 0 runs, 0 hits, 0 errors, 0 left on base; Chicago 4 - Texas 8
BOTTOM OF THE 8TH
Texas AirHogs batting - Pitching for Chicago Dogs : RHP Gil Encarnacion
Batting: RHB Frank Vazquez 0-0: Called Strike
0-1: Called Strike
0-2: Ball
1-2: Ball
2-2: Ball
3-2: Base on Balls
Batting: RHB Mike Johnson 0-0: Called Strike
0-1: Called Strike
0-2: Ball
1-2: Ball
2-2: Strikes out swinging
Batting: RHB Ryan Powell 0-0: Ball
1-0: Grounds into double play, 6-4-3 (Groundball, 6, EV 84.4 MPH)
Bottom of the 8th over - 0 runs, 0 hits, 0 errors, 0 left on base; Chicago 4 - Texas 8
TOP OF THE 9TH
Chicago Dogs batting - Pitching for Texas AirHogs : RHP Walt Lindsay
Batting: RHB John Bayless 0-0: Swinging Strike
0-1: Swinging Strike
0-2: Foul Ball, location: 2F
0-2: SINGLE (Groundball, 6MD, EV 100.6 MPH)
Pitching: RHP Andy Woodward
Batting: LHB Sebastien Brantley 0-0: Called Strike
0-1: Ground out 4-3 (Groundball, 4S, EV 68.8 MPH)
John Bayless to second
Batting: RHB Oscar Leon 0-0: Called Strike
0-1: Ball
1-1: SINGLE (Groundball, 4MD, EV 96.9 MPH)
John Bayless to third
Batting: SHB Nate Gibson 0-0: Fly out, F8 (Flyball, 8LM, EV 91.9 MPH)
Batting: RHB Ruben Martinez 0-0: Swinging Strike
0-1: Ball
1-1: Foul Ball, location: 2F
1-2: Ball
2-2: Foul Ball, location: 2F
2-2: Foul Ball, location: 2F
2-2: Foul Ball, location: 2F
2-2: Ball
3-2: Ground out 5-3 (Groundball, 5, EV 101.9 MPH)
Top of the 9th over - 0 runs, 2 hits, 0 errors, 2 left on base; Chicago 4 - Texas 8
Tuesday, October 26th , 2021 - OOTP Baseball 22.10 Build 79